 Dungeon Crawl Stone Soup version 0.27-a0-242-ge0fc76b88b (webtiles) character file.

Game seed: 321649374493170614

99658 Borgoz the Carver (level 16, -6/141 HPs)
             Began as a Ghoul Gladiator on Feb 2, 2021.
             Was the Champion of Dithmenos.
             Mangled by an orc warlord
             ... wielding a +0 long sword
              (23 damage)
             ... on level 2 of the Orcish Mines.
             The game lasted 00:47:26 (29619 turns).

Borgoz the Carver (Ghoul Gladiator)                Turns: 29619, Time: 00:47:27

Health: -6/141     AC: 29    Str: 28    XL:     16   Next: 25%
Magic:  18/18      EV: 17    Int:  8    God:    Dithmenos [******]
Gold:   1199       SH:  0    Dex: 21    Spells: 15/15 levels left

rFire    . . .     SeeInvis .   b - +5 great sword (flame)
rCold    + . .     Faith    .   (shield currently unavailable)
rNeg     + + +     Spirit   .   d - +8 chain mail of Makhleb's Esteem {Str+6}
rPois    ∞         Reflect  .   c - +1 helmet
rElec    .         Harm     .   (no cloak)
rCorr    +         Rampage  .   F - +1 pair of gloves
Will     ++...                  O - +2 pair of boots of the Sun {rCorr Int+5}
Stlth    ..........             K - amulet of the Hero {Acrobat +Blink rN+ Str+2 Slay+3}
HPRegen  0.00/turn              J - +6 ring of dexterity
MPRegen  0.16/turn              N - ring of willpower

@: wreathed by umbra, studying Fighting
A: claws 1, cold resistance 1, negative energy resistance 3, inhibited
regeneration, torment resistance, unbreathing
a: Renounce Religion, Evoke Blink, Shadow Step, Shadow Form


You were on level 2 of the Orcish Mines.
You worshipped Dithmenos.
Dithmenos was exalted by your worship.
You visited 4 branches of the dungeon, and saw 24 of its levels.
You visited 1 bazaar.

You collected 1979 gold pieces.
You spent 780 gold pieces at shops.

Inventory:

Hand Weapons
 a - a +5 great sword
 b - a +5 great sword of flaming (weapon)
 y - the +11 triple sword "Ghoul's Foe" {freeze, Int+4}
   (You acquired it on level 14 of the Dungeon)

   It has been specially enchanted to freeze those struck by it, causing extra
   injury to most foes and up to half again as much damage against particularly
   susceptible opponents.
   It can also slow down cold-blooded creatures.
   It affects your intelligence (+4).
Armour
 c - a +1 helmet (worn)
 d - the +8 chain mail of Makhleb's Esteem (worn) {Str+6}
   (You found it on level 3 of the Dungeon)

   It affects your strength (+6).
 F - a +1 pair of gloves (worn)
 O - the +2 pair of boots of the Sun (worn) {rCorr Int+5}
   (You found it on level 14 of the Dungeon)

   It affects your intelligence (+5).
   It provides partial protection from all sources of acid and corrosion.
Jewellery
 h - a +6 ring of intelligence
 i - an uncursed ring of fire
 t - an uncursed amulet of guardian spirit
 v - an uncursed ring of ice
 H - a +4 ring of protection
 J - a +6 ring of dexterity (left hand)
 K - the amulet of the Hero (around neck) {Acrobat +Blink rN+ Str+2 Slay+3}
   (You bought it in a shop in a bazaar)

   [amulet of the acrobat]

   It helps you evade while moving and waiting.
   It affects your strength (+2).
   It affects your accuracy and damage with ranged weapons and melee attacks
   (+3).
   It protects you from negative energy.
   It lets you blink.
 N - a ring of willpower (right hand)
Wands
 p - a wand of charming (11)
 s - a wand of mindburst (9)
 z - a wand of iceblast (9)
 D - a wand of flame (73)
 G - a wand of digging (3)
 P - a wand of acid (20)
 Q - a wand of paralysis (15)
Scrolls
 e - 8 scrolls of remove curse
 f - 4 scrolls of magic mapping
 g - 5 scrolls of blinking
 j - 5 scrolls of fear
 l - 4 scrolls of teleportation
 m - 3 scrolls of fog
 o - 5 scrolls of enchant armour
 u - 3 scrolls of identify
 C - a scroll of enchant weapon
 I - 3 scrolls of torment
 L - a scroll of summoning
Potions
 k - 4 potions of curing
 n - 5 potions of magic
 q - 4 potions of haste
 r - 3 potions of brilliance
 w - a potion of ambrosia
 x - a potion of might
 A - a potion of resistance
 B - 6 potions of flight
 E - a potion of cancellation
 M - a potion of heal wounds


   Skills:
 + Level 12.8 Fighting
 * Level 14.8 Long Blades
 - Level 1.7 Throwing
 * Level 13.7 Armour
 * Level 10.8 Dodging
 - Level 4.0 Shields
 - Level 5.0 Invocations
 + Level 4.9 Evocations


You had 15 spell levels left.
You didn't know any spells.
Your spell library contained the following spells:

 Spells                   Type           Power        Failure   Level
 Animate Skeleton         Necr           0%           85%         1
 Apportation              Tloc           0%           85%         1
 Corona                   Hex            0%           85%         1
 Freeze                   Ice            0%           85%         1
 Pain                     Necr           0%           85%         1
 Shock                    Conj/Air       0%           85%         1
 Sting                    Tmut/Pois      0%           85%         1
 Summon Small Mammal      Summ           0%           85%         1
 Ensorcelled Hibernation  Hex/Ice        0%           94%         2
 Poisonous Vapours        Pois/Air       0%           94%         2
 Slow                     Hex            0%           94%         2
 Swiftness                Air            0%           94%         2
 Confusing Touch          Hex            0%           99%         3
 Frozen Ramparts          Ice            0%           99%         3
 Gell's Gravitas          Tloc           0%           99%         3
 Inner Flame              Hex/Fire       0%           99%         3
 Ozocubu's Armour         Ice            0%           99%         3
 Portal Projectile        Hex/Tloc       0%           99%         3
 Static Discharge         Conj/Air       0%           99%         3
 Vampiric Draining        Necr           0%           99%         3
 Airstrike                Air            0%           100%        4
 Animate Armour           Summ/Erth      0%           100%        4
 Animate Dead             Necr           0%           100%        4
 Cause Fear               Hex            0%           100%        4
 Hailstorm                Conj/Ice       0%           100%        4
 Leda's Liquefaction      Hex/Erth       0%           100%        4
 Petrify                  Tmut/Erth      0%           100%        4
 Summon Ice Beast         Ice/Summ       0%           100%        4
 Agony                    Necr           0%           100%        5
 Alistair's Intoxication  Tmut/Pois      0%           100%        5
 Borgnjor's Vile Clutch   Necr/Erth      0%           100%        5
 Lightning Bolt           Conj/Air       0%           100%        5
 Metabolic Englaciation   Hex/Ice        0%           100%        5
 Silence                  Hex/Air        0%           100%        5
 Yara's Violent Unravell  Hex/Tmut       0%           100%        5
 Shadow Creatures         Summ           N/A          100%        6
 Tornado                  Air            0%           100%        9


Dungeon Overview and Level Annotations

Branches:
Dungeon (15/15)            Temple (1/1) D:5            Lair (6/6) D:11
 Shoals (0/4) Lair:4       Spider (0/4) Lair:3        Slime (0/5) Lair:6
    Orc (2/2) D:12            Elf (0/3) Orc:2        Vaults (0/5) D:13
 Depths (0/5) D:15

Altars:
Ashenzari
Cheibriados
Dithmenos
Elyvilon
Fedhas
Gozag
Hepliaklqana
Kikubaaqudgha
Makhleb
Nemelex Xobeh
Okawaru
Qazlal
Ru
Sif Muna
Trog
Uskayaw
Vehumet
Wu Jian
Xom
Yredelemnul
Zin
The Shining One
Beogh
Jiyva

Shops:
D:9 !   D:10 *


Innate Abilities, Weirdness & Mutations

You thrive by killing the living.
You are immune to poison.
You have sharp fingernails.
Your flesh is cold resistant. (rC+)
You are immune to negative energy. (rN+++)
You do not regenerate when monsters are visible.
You are immune to unholy pain and torment.
You can survive without breathing.


Message History

* * * LOW HITPOINT WARNING * * *
You barely miss the orc warlord.
The orc warlord is moderately wounded.
Your shadow hits the orc warlord with a great sword.
The orc warlord hits you with a +0 long sword!
* * * LOW HITPOINT WARNING * * *
You slice the orc warlord!!
The orc warlord is heavily wounded.
The orc warlord hits you but does no damage.
You barely miss the orc warlord.
The orc warlord is heavily wounded.
The orc warlord hits you with a +0 long sword!
* * * LOW HITPOINT WARNING * * *
You feel better.
You feel better.
The orc warlord hits you with a +0 long sword!!
* * * LOW HITPOINT WARNING * * *
You feel better.
The orc warlord hits you with a +0 long sword!!
You die...

#.................
#...................
#...............#.<.
#..................#
#.................#.
#............§......
#........§§§§§......
#........#§§§§......
#.......#§o@§#......
##.......#§§§§...#.#
#........§§§§.....##
#.......[....§......
#.#.....[†..........
##.................#
#.......#...........
#.............#.##..
#............###.#.


You could see an orc warlord (strong).

Vanquished Creatures
  A fire giant (D:15)
  An orc warlord (Orc:2)
  An ironheart preserver (D:13)
  A very ugly thing (D:14)
  A dire elephant (Lair:6)
  The ghost of wineyard the Thaumaturge, a journeyman DrCj of Vehumet (Lair:4)
  Nessos (D:13)
  An entropy weaver (shapeshifter) (D:15)
  Snorg (D:14)
  Erolcha (D:12)
  8 hydras
  4 boulder beetles
  A catoblepas (Lair:6)
  4 centaur warriors
  12 death yaks
  5 two-headed ogres
  A deep troll shaman (Lair:6)
  6 tengu warriors
  2 orc high priests (Orc:2)
  8 skeletal warriors
  An unseen horror (D:15)
  2 deep elf pyromancers
  5 cyclopes
  An orc sorcerer (Orc:1)
  6 manticores
  9 ugly things
  2 centaur zombies (D:14)
  13 elephants
  4 black mambas
  4 gargoyles
  15 cane toads
  A yaktaur (D:14)
  A kobold demonologist (D:10)
  Psyche (D:12)
  A rime drake (Lair:6)
  13 komodo dragons
  3 efreet
  A tengu conjurer (D:15)
  A queen bee (D:9)
  6 trolls
  4 polar bears (Lair:2)
  Prince Ribbit (D:5)
  9 slime creatures
  16 blink frogs
  A spriggan (shapeshifter) (D:14)
  Sigmund (D:4)
  A shadow (D:15)
  3 wyverns
  2 wraiths
  53 yaks
  5 basilisks
  A human (D:12)
  A vampire mosquito (D:14)
  2 wargs
  A soldier ant (D:13)
  4 acid dragons
  Duvessa (D:4)
  6 water moccasins
  A necrophage (D:15)
  10 sky beasts
  14 orc warriors
  6 black bears
  6 ice beasts
  6 wolves (Lair:6)
  2 eyes of draining
  13 ogres
  3 boggarts (D:15)
  35 centaurs
  18 big kobolds
  2 phantoms
  17 bullfrogs
  A wyvern zombie (D:14)
  Dowan (D:4)
  A wyvern skeleton (D:12)
  4 scorpions
  19 killer bees (D:9)
  33 wights
  5 howler monkeys
  9 hounds
  5 bullfrog zombies
  12 orc priests
  11 jellies
  A quasit (D:8)
  A centaur skeleton (D:5)
  3 bullfrog skeletons
  5 iguanas
  13 orc wizards
  7 worker ants
  A hound zombie (D:7)
  3 hound skeletons
  5 worker ant zombies
  Robin (D:4)
  22 adders
  13 gnolls
  A howler monkey skeleton (D:5)
  3 shadow imps (D:7)
  18 white imps
  4 ufetubi
  16 oozes
  2 adder zombies
  An adder skeleton (D:2)
  8 worms
  2 dart slugs (D:4)
  7 leopard geckos
  67 orcs
  A bat skeleton (D:2)
  4 giant cockroaches
  10 hobgoblins
  4 jackals (D:6)
  2 quokkas
  A ball python (D:1)
  13 bats
  3 frilled lizards
  A giant cockroach zombie (D:2)
  15 goblins
  A jackal skeleton (D:2)
  27 kobolds
  2 leopard gecko skeletons
  2 quokka skeletons
  A quokka zombie (D:10)
  9 rats
  A butterfly (Lair:4)
798 creatures vanquished.

Vanquished Creatures (others)
  A centaur skeleton (D:12)
  A goblin (D:12)
  31 fungi
  37 plants
70 creatures vanquished.

Grand Total: 868 creatures vanquished

Notes
Turn   | Place    | Note
-------+----------+-------------------------------------------
     0 | D:1      | Borgoz the Ghoul Gladiator began the quest for the Orb.
     0 | D:1      | Reached XP level 1. HP: 17/17 MP: 0/0
   120 | D:1      | Reached XP level 2. HP: 20/25 MP: 1/1
   193 | D:1      | Reached skill level 3 in Long Blades
   607 | D:1      | Reached XP level 3. HP: 26/30 MP: 2/2
   685 | D:1      | Reached skill level 1 in Armour
  1332 | D:2      | Reached XP level 4. HP: 33/37 MP: 3/3
  1725 | D:2      | Found an ancient bone altar of Kikubaaqudgha.
  2040 | D:3      | Reached skill level 4 in Long Blades
  2051 | D:2      | Reached XP level 5. HP: 17/45 MP: 4/4
  2779 | D:3      | You fall into a shaft and drop 1 floor!
  2785 | D:4      | Noticed Robin
  2844 | D:4      | Killed Robin
  3134 | D:4      | Found a burning altar of Makhleb.
  3148 | D:4      | Found a snail-covered altar of Cheibriados.
  3252 | D:4      | Noticed an ogre
  3261 | D:4      | Killed an ogre
  3262 | D:4      | Reached XP level 6. HP: 37/52 MP: 5/5
  3469 | D:4      | Noticed Duvessa
  3469 | D:4      | Noticed Dowan
  3508 | D:4      | Killed Duvessa
  3509 | D:4      | Reached skill level 5 in Long Blades
  3789 | D:3      | Reached XP level 7. HP: 59/59 MP: 6/6
  4487 | D:3      | Got a heavily runed chain mail
  4736 | D:3      | Identified the +8 chain mail of Makhleb's Esteem {Str+6}
                  | (You found it on level 3 of the Dungeon)
  5119 | D:4      | Found an iron altar of Okawaru.
  5365 | D:4      | Noticed Sigmund
  5381 | D:4      | Killed Sigmund
  5382 | D:4      | Reached skill level 6 in Long Blades
  5498 | D:4      | Reached skill level 5 in Fighting
  5648 | D:4      | Killed Dowan
  5668 | D:5      | Entered Level 5 of the Dungeon
  5676 | D:5      | Reached XP level 8. HP: 61/68 MP: 7/7
  6226 | D:5      | Reached skill level 7 in Long Blades
  6277 | D:5      | Found a staircase to the Ecumenical Temple.
  6283 | Temple   | Entered the Ecumenical Temple
  6309 | Temple   | Became a worshipper of Dithmenos the Shadowed
  6709 | D:5      | Noticed Prince Ribbit
  6750 | D:5      | Killed Prince Ribbit
  6751 | D:5      | Reached XP level 9. HP: 72/78 MP: 8/8
  6803 | D:5      | Reached skill level 8 in Long Blades
  6803 | D:5      | Reached skill level 5 in Armour
  7062 | D:6      | Found a white marble altar of Elyvilon.
  7514 | D:6      | Found a shimmering altar of Xom.
  8193 | D:7      | Reached * piety under Dithmenos
  8501 | D:7      | Reached skill level 1 in Shields
  8653 | D:7      | Reached skill level 9 in Long Blades
  9044 | D:7      | Reached XP level 10. HP: 84/86 MP: 6/9
  9302 | D:7      | Reached ** piety under Dithmenos
  9601 | D:8      | Noticed a two-headed ogre
  9614 | D:8      | Killed a two-headed ogre
  9657 | D:8      | Found a basalt altar of Yredelemnul.
 10284 | D:8      | Found a glowing golden altar of the Shining One.
 10286 | D:8      | Noticed an angel
 10393 | D:8      | Found a stormy altar of Qazlal.
 10529 | D:8      | Found a sparkling altar of Nemelex Xobeh.
 10960 | D:9      | Reached *** piety under Dithmenos
 11095 | D:9      | Reached skill level 10 in Long Blades
 11103 | D:9      | Reached XP level 11. HP: 90/95 MP: 10/10
 11228 | D:9      | Found Furiblate's Distillery.
 11924 | D:10     | Entered Level 10 of the Dungeon
 12120 | D:10     | Reached **** piety under Dithmenos
 12230 | D:10     | Found Pitai's General Store.
 12357 | D:10     | Noticed a sixfirhy
 12362 | D:10     | Reached skill level 5 in Dodging
 13127 | D:11     | Reached ***** piety under Dithmenos
 13173 | D:11     | Noticed a skeletal warrior
 13174 | D:11     | Noticed a skeletal warrior
 13184 | D:11     | Noticed a skeletal warrior
 13204 | D:11     | Killed a skeletal warrior
 13205 | D:11     | Reached skill level 11 in Long Blades
 13209 | D:11     | Killed a skeletal warrior
 13221 | D:11     | Killed a skeletal warrior
 13222 | D:11     | Reached XP level 12. HP: 30/104 MP: 3/11
 14433 | D:11     | Found a staircase to the Lair.
 14571 | D:12     | Found a broken altar of Ashenzari.
 14668 | D:12     | Noticed Erolcha
 14700 | D:12     | Noticed Psyche
 14730 | D:12     | Killed Erolcha
 14732 | D:12     | Killed Psyche
 14733 | D:12     | Reached skill level 10 in Armour
 14800 | D:12     | Reached skill level 10 in Fighting
 14828 | D:12     | Found a flickering gateway to a bazaar.
 14837 | Bazaar   | Entered a bazaar
 15120 | Bazaar   | Found Nomooluc's Jewellery Emporium.
 15121 | Bazaar   | Found Mosasme's Armour Emporium.
 15158 | Bazaar   | Found Faruzea's General Store.
 15158 | Bazaar   | Found Elieh's Gadget Shoppe.
 15200 | Bazaar   | Bought the amulet of the Hero {Acrobat +Blink rN+ Str+2
                  | Slay+3} for 780 gold pieces
 15753 | D:12     | Reached skill level 12 in Long Blades
 15929 | D:12     | Found a staircase to the Orcish Mines.
 16315 | Lair:1   | Entered Level 1 of the Lair of Beasts
 16507 | Lair:1   | Noticed a boulder beetle
 16538 | Lair:1   | Killed a boulder beetle
 16539 | Lair:1   | Reached XP level 13. HP: 70/114 MP: 12/12
 17315 | D:9      | Reached ****** piety under Dithmenos
 18791 | D:13     | Found a gate to the Vaults.
 18791 | D:13     | Noticed an ironheart preserver
 18806 | D:13     | Killed an ironheart preserver
 19674 | D:13     | Reached skill level 13 in Long Blades
 19676 | D:13     | Noticed a rakshasa
 20213 | D:13     | Noticed Nessos
 20248 | D:13     | Killed Nessos
 20825 | D:14     | Reached XP level 14. HP: 63/124 MP: 13/13
 20883 | D:14     | Noticed Snorg
 20895 | D:14     | Killed Snorg
 21038 | D:14     | Identified a scroll of acquirement
 21038 | D:14     | Acquired the +11 triple sword "Ghoul's Foe" {freeze, Int+4}
 21229 | D:14     | Reached skill level 1 in Invocations
 21448 | D:14     | Reached skill level 1 in Evocations
 22065 | D:14     | Noticed a green very ugly thing
 22101 | D:14     | Killed a green very ugly thing
 22343 | D:14     | Identified the Reference Book on Lightness and Envenoming
 22346 | D:14     | Got a pair of transparent boots
 22352 | D:14     | Identified the +2 pair of boots of the Sun {rCorr Int+5}
                  | (You found it on level 14 of the Dungeon)
 22506 | D:15     | Entered Level 15 of the Dungeon
 23029 | D:15     | Found a staircase to the Depths.
 23029 | D:15     | Noticed a fire giant
 23171 | D:15     | Noticed an entropy weaver
 23179 | D:15     | Killed a fire giant
 23182 | D:15     | Killed an entropy weaver
 23671 | D:15     | Reached XP level 15. HP: 132/132 MP: 16/16
 24077 | D:15     | Reached skill level 14 in Long Blades
 25163 | Lair:3   | Found a shadowy altar of Dithmenos.
 25473 | Lair:3   | Found a hole to the Spider Nest.
 26322 | Lair:4   | Found a staircase to the Shoals.
 26362 | Lair:4   | Found a runed translucent door.
 26362 | Lair:4   | Noticed wineyard's ghost (journeyman DrCj)
 26380 | Lair:4   | Killed wineyard's ghost
 26626 | Lair:4   | Found a stormy altar of Qazlal.
 27125 | Lair:5   | Reached skill level 10 in Dodging
 27253 | Lair:5   | Reached skill level 5 in Invocations
 28081 | Lair:6   | Entered Level 6 of the Lair of Beasts
 28485 | Lair:6   | Reached XP level 16. HP: 97/141 MP: 18/18
 29027 | Lair:6   | Found a staircase to the Slime Pits.
 29028 | Lair:6   | Found a viscous altar of Jiyva.
 29272 | Orc:1    | Entered Level 1 of the Orcish Mines
 29305 | Orc:1    | Found a roughly hewn altar of Beogh.
 29415 | Orc:2    | Entered Level 2 of the Orcish Mines
 29585 | Orc:2    | Found a staircase to the Elven Halls.
 29619 | Orc:2    | Mangled by an orc warlord

Illustrated notes

Levels and vault maps discovered:
D:1:      nicolae_arrival_washed_ashore, layout_basic, corexii_leaking_fountain
D:2:      layout_rooms, lemuel_coloured_pillars_altar, serial_undead,
          serial_undead_e, serial_undead_c, serial_undead_c, serial_undead_f,
          kennysheep_generic_room_13
D:3:      layout_basic, lemuel_flame_loot_1
D:4:      layout_loops_corners, kennysheep_slug_shrine, lemuel_round_altar,
          minmay_misc_feat_tower, okawaru_ov_weapons_minmay, uniq_sigmund,
          uniq_duvessa, uniq_robin
D:5:      layout_rooms, minmay_temple_entry_hall, uniq_prince_ribbit1
D:6:      layout_basic, lemuel_round_altar, basic_altar, st_stairs_1,
          kennysheep_cross_room
D:7:      minmay_opposing_rooms, layout_loops_corners
D:8:      layout_rooms, grunt_temple_overflow_holy_war, marbit_many_paths,
          grunt_qazlal_sundering
D:9:      layout_gridville, serial_shops, nicolae_shop_waterfront, hive_lemuel
D:10:     layout_roguey [special_room_kobold], serial_shops,
          kennysheep_little_box
D:11:     layout_basic, david_lair_shrubbed, minmay_misc_feat_cross
D:12:     layout_stronghold, erik_orc_4, portal_ice_cave_entry_imps,
          serial_shops, bzr_firewalk, evilmike_ruin_ashenzari, uniq_erolcha,
          uniq_psyche
D:13:     layout_irregular_city, skrybe_vaults_entry_preservation, uniq_nessos,
          uniq_frances
D:14:     layout_rooms, serial_aquarium, aquarium_bridge_square
          [aquarium_subvault_window, aquarium_subvault_bridge,
          aquarium_subvault_window, aquarium_subvault_bridge],
          aquarium_window_fake, aquarium_window_corridor_2, aquarium_window_2,
          aquarium_window_2, aquarium_view_2c, aquarium_view_2c,
          aquarium_balcony_3a, nrook_mini_backslash,
          minmay_the_grid_square_5x5_3x3_mashed
          [minmay_the_grid_square_5x5_half_checkered,
          minmay_the_grid_square_5x5_n, minmay_the_grid_square_5x5_comb,
          minmay_the_grid_square_5x5_shrine2,
          minmay_the_grid_square_5x5_megaprize_open,
          minmay_the_grid_square_5x5_shrine1,
          minmay_the_grid_square_5x5_inner_z,
          minmay_the_grid_square_5x5_hourglass,
          minmay_the_grid_square_5x5_corner], uniq_snorg
D:15:     grunt_enter_depths_giant_problem, layout_basic, moated_statue
Temple:   eino_temple_water
Lair:1:   layout_regular_city, nzn_sisyphean_effort
Lair:2:   layout_gridlike, cheibrodos_lair_lostbears
Lair:3:   layout_cave_shapes, spider_nest_entry_web_field, basic_altar
Lair:4:   layout_regular_city, minmay_shoals_entry_centaurs, basic_altar,
          ebering_ghost_inner_flame, grunt_megastairs_1,
          infiniplex_staircase_pool_2, serial_bayou_shore_b, lemuel_fruit_fields
Lair:5:   lemuel_slime, layout_gridlike
Lair:6:   grunt_lair_end_beastmaster, layout_gridlike, slime_altar_1,
          grunt_megastairs_4
Orc:1:    cheibrodos_orc_arena, layout_caves, basic_altar
Orc:2:    st_orc_elflike, layout_caves, serial_shops, nicolae_shop_waterfront

Skill      XL: |  1  2  3  4  5  6  7  8  9 10 11 12 13 14 15 |
---------------+----------------------------------------------+-----
Long Blades    | 3 4 5 6 7 9 10 11 12 13 14 | 14.8
Armour         | 1 2 3 4 6 7 9 10 11 12 13 | 13.7
Fighting       | 3 4 5 6 7 8 9 10 11 12 | 12.8
Dodging        | 3 4 5 6 8 9 10 | 10.8
Shields        | 1 3 4 |  4.0
Invocations    | 3 5 |  5.0
Evocations     | 2 4 |  4.9
Throwing       | |  1.7

Action                   |  1- 3 |  4- 6 |  7- 9 | 10-12 | 13-15 | 16-18 || total
-------------------------+-------+-------+-------+-------+-------+-------++-------
Melee: Long sword        |   107 |   237 |   449 |   168 |       |       ||   961
       Scimitar          |       |       |       |   766 |   780 |       ||  1546
       Great sword       |       |       |       |       |   323 |    98 ||   421
Throw: Throwing net      |       |     4 |     3 |     1 |       |       ||     8
Evoke: Wand              |       |       |       |     1 |    23 |       ||    24
  Use: Scroll            |       |     9 |     3 |    10 |    18 |     4 ||    44
       Potion            |       |       |       |     2 |     9 |     3 ||    14
 Stab: Sleeping          |     1 |       |       |       |       |       ||     1
       Held in net/web   |       |       |       |     2 |       |       ||     2
       Distracted        |       |       |       |       |     1 |       ||     1
       Petrified         |       |       |       |       |     3 |       ||     3
Armor: Leather armour    |    12 |       |       |       |       |       ||    12
       Ring mail         |    40 |    45 |       |       |       |       ||    85
       Chain mail        |       |    81 |   313 |   532 |   631 |    44 ||  1601
       Scale mail        |       |       |     4 |       |       |       ||     4
Dodge: Dodged            |    81 |   167 |   228 |   509 |  1015 |   118 ||  2118
Block: Buckler           |       |       |    24 |   198 |   234 |       ||   456
       Rpst.: Long sword |    27 |    47 |    63 |    24 |       |       ||   161
       Scimitar          |       |       |       |   124 |   105 |       ||   229
       Great sword       |       |       |       |       |   106 |    36 ||   142

Table legend: (Time is in decaauts)
 A = Elapsed time spent in this place.
 B = Non-inter-level travel time spent in this place.
 C = Inter-level travel time spent in this place.
 D = Time resting spent in this place.
 E = Time spent auto-exploring this place.
 F = Levels seen in this place.
 G = Mean time per level.
                   A        B        C        D        E       F      G
               +--------+--------+--------+--------+--------+-----+--------+
         Total |  29364 |  28095 |   1269 |   6823 |  15606 |  25 | 1174.6 |
       Dungeon |  21776 |  20836 |    940 |   5054 |  11311 |  15 | 1451.7 |
        Temple |    237 |    213 |     24 |      0 |    207 |   1 |  237.0 |
          Lair |   6627 |   6336 |    291 |   1744 |   3643 |   6 | 1104.5 |
  Orcish Mines |    345 |    332 |     13 |     25 |    152 |   2 |  172.5 |
        Bazaar |    376 |    376 |      0 |      0 |    292 |   1 |  376.0 |
               +--------+--------+--------+--------+--------+-----+--------+

Top non-repeatable levels by time:
    D:13: 2044 daAuts
    D:14: 1742 daAuts
    D:15: 1695 daAuts
     D:4: 1623 daAuts
    D:11: 1604 daAuts
    D:12: 1542 daAuts
     D:7: 1499 daAuts
     D:9: 1476 daAuts
     D:2: 1458 daAuts
     D:3: 1351 daAuts
     D:1: 1318 daAuts
  Lair:1: 1316 daAuts
  Lair:2: 1277 daAuts
  Lair:4: 1260 daAuts
    D:10: 1212 daAuts
